cohdb
Replays
Latest Replays
All Replays
Popular Replays
Top Player Replays
Match Explorer
How It Works
Community
CoH3 Stats
Reddit
Sign in to upload your games and track your stats! →
Sign in with Steam
Match 36374179
Unlisted
Match 36374179
Overview
Messages
Build Orders
End
Scout Squad
Selects Airborne Battlegroup
Selects Heavy Machine Gun Paradrop
Heavy Machine Gun Paradrop
Engineer Squad
Heavy Machine Gun Paradrop
Heavy Machine Gun Paradrop
Selects Paratrooper Squad Paradrop
Paratrooper Squad Paradrop
Heavy Machine Gun Paradrop
Infantry Support Center
Construct Medical Station
Selects Recon Loiter
Paratrooper Squad Paradrop
Paratrooper Squad Paradrop
Haru₩Bankman
DibbeTC
0
0
Comments
sign in to comment!
No comments posted yet!